 Dungeon Crawl Stone Soup version 0.29-a0-819-g94b489e0ae (webtiles) character file.

Game seed: 17989069809375281708

312 snarfax the Cudgeller (level 5, -5/46 HPs)
             Began as a Demigod Fighter on July 6, 2022.
             Slain by Menkaure (8 damage)
             ... in an ossuary.
             The game lasted 00:07:09 (4210 turns).

snarfax the Cudgeller (Demigod Fighter)             Turns: 4210, Time: 00:07:10

Health: -5/46      AC:  9    Str: 21    XL:     5   Next: 97%
Magic:  7/7        EV:  7    Int: 10    God:
Gold:   172        SH:  5    Dex: 19    Spells: 4/4 levels left

rFire   . . .      SeeInvis .   a - +1 flail
rCold   . . .      Faith    .   c - +0 buckler
rNeg    . . .      Spirit   .   i - +0 chain mail
rPois   .          Reflect  .   (no helmet)
rElec   .          Harm     .   (no cloak)
rCorr   .          Rampage  .   (no gloves)
Will    .....                   (no boots)
Stlth   ..........              (no amulet)
HPRegen 0.15/turn               h - +6 ring of dexterity
MPRegen 0.10/turn               (no ring)

@: mighty
A: high MP 1, forlorn, divine attributes
a: no special abilities


You were in an ossuary.
You visited 1 branch of the dungeon, and saw 4 of its levels.
You also visited: Ossuary.

You collected 172 gold pieces.

Inventory:

Hand Weapons
 a - a +1 flail (weapon)
Missiles
 e - 27 stones (quivered)
Armour
 c - a +0 buckler (worn)
 i - a +0 chain mail (worn)
Jewellery
 h - a +6 ring of dexterity (left hand)
 p - a ring of magical power
 q - a ring of ice
Scrolls
 b - 2 scrolls of identify
 g - a scroll of magic mapping
Potions
 d - a potion of might
 f - a potion of curing {unknown}
 j - 3 potions of haste
 k - 2 potions of attraction {unknown}
 l - 2 potions of cancellation {unknown}
 m - 2 potions of mutation {unknown}
 o - a potion of degeneration {unknown}
 r - a potion of resistance {unknown}


   Skills:
 + Level 3.7 Fighting
 * Level 4.0 Maces & Flails
 + Level 3.7 Armour
 + Level 3.7 Shields


You had 4 spell levels left.
You didn't know any spells.
Your spell library contained the following spells:

 Spells                   Type           Power      Damage    Failure   Level
 Hailstorm                Conj/Ice       0%         3d3       100%        4
 Ice Form                 Ice/Tmut       0%         N/A       100%        4
 Simulacrum               Ice/Necr       0%         N/A       100%        6


Dungeon Overview and Level Annotations

Branches:
Dungeon (4/15)            Ossuary (1/1)
 Temple: D:4-7

Annotations:
Ossuary Menkaure


Innate Abilities, Weirdness & Mutations

You have an increased reservoir of magic. (+10% MP)
You shall have no god before yourself.
Your divine heritage dramatically boosts your attributes as you level up.


Message History

You barely miss the mummy.
The mummy is heavily damaged.
The mummy hits you.
You sock the mummy!
The mummy is almost destroyed.
You barely miss the mummy.
The mummy is almost destroyed.
The mummy hits you.
You hit the mummy.
You destroy the mummy!
You sock the rat skeleton!
You destroy the rat skeleton!
Menkaure mumbles in an indecipherable tongue.
Menkaure blazes with dark energy!
Menkaure calls on the powers of darkness!
Your body is wracked with pain!
You feel very mighty all of a sudden.
Menkaure gestures ominously.
Menkaure calls on the powers of darkness!
Your body is wracked with pain!
* * * LOW HITPOINT WARNING * * *
You sock the mummy!
The mummy is severely damaged.
The sentinel's mark upon you fades away.
The mummy hits you but does no damage.
You thump the mummy!
You destroy the mummy!
Menkaure barely misses you.
Your Maces & Flails skill increases to level 4!
You hit Menkaure but do no damage. Menkaure closely misses you.
You sock Menkaure!
Menkaure is heavily damaged.
Menkaure casts a spell at you.
You struggle to resist.
You hit Menkaure.
Menkaure is heavily damaged.
Menkaure hits you!
* * * LOW HITPOINT WARNING * * *
Menkaure hits you!
You die...

##..##..##..####..##..##..
##..##..##..## ##..##..##.
##..##..##..## ##..##.^##
##..##..##..## ##..##..#
##..##..##..## ##..##..
##..##..##..## ##..##.
##^.##..##..## ##..##
##..##..##..##############''##..#
#..##^.##.......@MZ......Z...##..
..##..##########################.
.##..............................
#################################
.................................
#################################


You could see Menkaure (fast) and a hobgoblin skeleton.

Vanquished Creatures
  An elf skeleton (D:4)
  A human zombie (D:4)
  3 mummies (Ossuary)
  6 adders
  5 worms (D:2)
  4 dart slugs
  2 orcs (D:3)
  9 ball pythons
  11 endoplasms
  3 giant cockroaches
  2 gnoll zombies (Ossuary)
  6 goblins
  4 hobgoblins
  4 quokkas
  5 bats
  5 frilled lizards
  2 gnoll skeletons (Ossuary)
  6 goblin skeletons (Ossuary)
  3 goblin zombies (Ossuary)
  3 hobgoblin skeletons (Ossuary)
  6 hobgoblin zombies (Ossuary)
  5 kobolds
  5 kobold skeletons (Ossuary)
  5 kobold zombies (Ossuary)
  3 orc skeletons (Ossuary)
  6 orc zombies
  6 rats
  5 rat skeletons (Ossuary)
  4 rat zombies (Ossuary)
130 creatures vanquished.

Notes
Turn   | Place    | Note
-------+----------+-------------------------------------------
     0 | D:1      | snarfax the Demigod Fighter began the quest for the Orb.
     0 | D:1      | Reached XP level 1. HP: 18/18 MP: 3/3
    60 | D:1      | Reached skill level 2 in Maces & Flails
    73 | D:1      | Reached XP level 2. HP: 12/25 MP: 4/4
   806 | D:1      | Reached XP level 3. HP: 31/31 MP: 5/5
  1837 | D:2      | Reached XP level 4. HP: 37/38 MP: 6/6
  1850 | D:2      | Reached skill level 3 in Maces & Flails
  3614 | D:4      | Reached XP level 5. HP: 40/45 MP: 7/7
  3616 | D:4      | Found a sand-covered staircase.
  3630 | Ossuary  | Entered an ossuary
  4182 | Ossuary  | Noticed Menkaure
  4208 | Ossuary  | Reached skill level 4 in Maces & Flails
  4210 | Ossuary  | Slain by Menkaure

Illustrated notes

Levels and vault maps discovered:
D:1:      lordsloth_arrival_two_stooges, layout_rooms
D:2:      layout_loops_ring, hellmonk_ecumenical_altar_arch_garden
D:3:      layout_loops_corners, minmay_cut_off
D:4:      layout_rooms, fedhas_altar_3, nicolae_ossuary_entry_catacombs
Ossuary:  ossuary_due_pyramid

Skill      XL: |  1  2  3  4  5 |
---------------+----------------+-----
Maces & Flails | 2 3 4 |  4.0
Armour         | 3 |  3.7
Fighting       | 3 |  3.7
Shields        | 3 |  3.7

Action                   |  1- 3 |  4- 6 || total
-------------------------+-------+-------++-------
Melee: Flail             |   158 |   241 ||   399
Throw: Stone             |     3 |       ||     3
  Use: Scroll            |       |     6 ||     6
       Potion            |       |     1 ||     1
Armor: Scale mail        |    88 |    30 ||   118
       Chain mail        |       |    57 ||    57
Dodge: Dodged            |    75 |    67 ||   142
Block: Buckler           |    42 |    39 ||    81

Table legend: (Time is in decaauts)
 A = Elapsed time spent in this place.
 B = Non-inter-level travel time spent in this place.
 C = Inter-level travel time spent in this place.
 D = Time resting spent in this place.
 E = Time spent auto-exploring this place.
 F = Levels seen in this place.
 G = Mean time per level.
                   A        B        C        D        E       F      G
               +--------+--------+--------+--------+--------+-----+--------+
         Total |   4324 |   4161 |    163 |     12 |   3137 |   5 |  864.8 |
       Dungeon |   3713 |   3550 |    163 |      0 |   2856 |   4 |  928.2 |
       Ossuary |    611 |    611 |      0 |     12 |    281 |   1 |  611.0 |
               +--------+--------+--------+--------+--------+-----+--------+

Top non-repeatable levels by time:
     D:2: 1279 daAuts
     D:1: 1179 daAuts
     D:3: 1150 daAuts
 Ossuary: 611 daAuts
     D:4: 102 daAuts
